 Dungeon Crawl Stone Soup version 0.26.0-15-gc6cd9f700b (webtiles) character file.

Game seed: 15797802945201401655

23 EnegeticOcto the Stinger (level 3, -2/25 HPs)
             Began as a Gnoll Venom Mage on Jan 16, 2021.
             Slain by an orc priest
             ... wielding a +0 hand axe
              (4 damage)
             ... on level 3 of the Dungeon.
             The game lasted 00:01:46 (232 turns).

EnegeticOcto the Stinger (Gnoll Venom Mage)          Turns: 232, Time: 00:01:47

Health: -2/25      AC:  2    Str: 10    XL:     3   Next: 0%
Magic:  1/9        EV: 14    Int: 18    God:
Gold:   38         SH:  0    Dex: 15    Spells: 8/11 levels left

rFire    . . .     SeeInvis .   (no weapon)
rCold    . . .     Faith    +   (no shield)
rNeg     . . .     Spirit   .   a - +0 robe
rPois    .         Reflect  .   (no helmet)
rElec    .         Harm     .   (no cloak)
rCorr    .         Rampage  .   (no gloves)
Will     .....                  (no boots)
Stlth    ++........             c - amulet of faith
HPRegen  0.08/turn              e - ring of attention (curse)
MPRegen  0.11/turn              (no ring)

@: no status effects
A: distributed training, fangs 1, strong nose
a: no special abilities


You were on level 3 of the Dungeon.
You visited 1 branch of the dungeon, and saw 4 of its levels.

You collected 38 gold pieces.

Inventory:

Armour
 a - a +0 robe (worn)
Jewellery
 c - an amulet of faith (around neck)
   (You found it on level 1 of the Dungeon)
 e - a cursed ring of attention (left hand)
   (You found it on level 2 of the Dungeon)
Scrolls
 b - a scroll of teleportation {unknown}
 d - a scroll of remove curse {unknown}
 f - a scroll of identify {unknown}
Potions
 g - a potion of heal wounds {unknown}
 h - a potion of cancellation {unknown}


   Skills:
 + Level 0.5 Fighting
 + Level 0.5 Short Blades
 + Level 0.5 Long Blades
 + Level 0.5 Axes
 + Level 0.5 Maces & Flails
 + Level 0.5 Polearms
 + Level 0.5 Staves
 + Level 0.5 Slings
 + Level 0.5 Bows
 + Level 0.5 Crossbows
 + Level 0.5 Throwing
 + Level 0.5 Armour
 + Level 4.5 Dodging
 + Level 4.1 Stealth
 + Level 0.5 Shields
 + Level 0.5 Unarmed Combat
 + Level 4.9 Spellcasting
 + Level 0.4 Conjurations
 + Level 0.4 Hexes
 + Level 0.4 Summonings
 + Level 0.4 Necromancy
 + Level 0.4 Translocations
 + Level 2.0 Transmutations
 + Level 0.4 Fire Magic
 + Level 0.4 Ice Magic
 + Level 0.4 Air Magic
 + Level 0.4 Earth Magic
 + Level 5.4 Poison Magic
 + Level 0.7 Invocations
 + Level 0.5 Evocations


You had 8 spell levels left.
You knew the following spells:

 Your Spells              Type           Power        Failure   Level
a - Sting                 Tmut/Pois      68%          3%          1
b - Poisonous Vapours     Pois/Air       28%          6%          2

Your spell library contained the following spells:

 Spells                   Type           Power        Failure   Level
 Ignite Poison            Fire/Tmut/Pois 13%          14%         3
 Olgreb's Toxic Radiance  Pois           23%          14%         4
 Mephitic Cloud           Conj/Pois/Air  11%          17%         3


Dungeon Overview and Level Annotations

Branches:
Dungeon (4/15)
 Temple: D:4-7

Altars:


Innate Abilities, Weirdness & Mutations

Your experience applies equally to all skills.
You have very sharp teeth.
Your uncanny sense of smell can sniff out nearby items.


Message History

The sting hits the adder but does no damage.
The adder looks even sicker.
The adder is almost dead.
The adder closely misses you. The adder bites you. The adder misses you.
You feel sick.
You kill the adder!
You now have 24 gold pieces (gained 1).
You feel sick.
Found a stone staircase leading up.
A bat comes into view.
Found a scroll labelled LAOBLUE FUOFOI.
Found a stone staircase leading down.
You feel sick.
Casting: Sting (safe; 3% risk of failure)
Confirm with . or Enter, or press ? or * to list all spells.
Aiming: Sting (safe; 3% risk of failure)
Press: ? - help, Shift-Dir - straight line, f - you You can't see any hostile targets that would be affected.
That beam is likely to hit you.
Continue anyway?
Okay, then.
Found a viscous white potion.
Casting: Sting (safe; 3% risk of failure)
Confirm with . or Enter, or press ? or * to list all spells.
Aiming: Sting (safe; 3% risk of failure)
Press: ? - help, Shift-Dir - straight line, f - bat
Aim: a bat (asleep, 0% to evade)
The sting hits the bat.
The bat is poisoned.
The bat is severely wounded.
You kill the bat!
You have reached level 3!
Your experience leads to an increase in your attributes!
Increase (s)trength, (i)ntelligence, or (d)exterity?
You feel clever.
You feel sick.
You are no longer poisoned.
f - a scroll labelled LAOBLUE FUOFOI
Found a white potion.
g - a white potion You now have 29 gold pieces (gained 5).
h - a viscous white potion
There is a stone staircase leading up here.
You climb upwards.
Found 9 gold pieces.
There is a stone staircase leading down here.
You now have 38 gold pieces (gained 9).
(D) Dungeon
Where to? (Enter - D:3, ? - help)
There is a stone staircase leading down here.
You climb downwards.
There is a stone staircase leading up here.
(D) Dungeon
Where to? (Enter - D:3, ? - help)
There is a stone staircase leading down here.
You climb downwards.
An orc and an orc priest come into view.
Found a white potion and 26 arrows.
There is a stone staircase leading up here.
Casting: Sting (safe; 3% risk of failure)
Confirm with . or Enter, or press ? or * to list all spells.
Aiming: Poisonous Vapours (safe; 6% risk of failure)
Press: ? - help, Dir - move target, f - orc priest
Aim: an orc priest, wielding a +0 hand axe (asleep) Poisonous vapours surround the orc priest!
The orc priest shouts!
You hear a shout! x2
The orc priest is engulfed in poison gas.
The orc priest is poisoned.
Casting: Poisonous Vapours (safe; 6% risk of failure)
Confirm with . or Enter, or press ? or * to list all spells.
Aiming: Poisonous Vapours (safe; 6% risk of failure)
Press: ? - help, Dir - move target, f/p - orc priest
Aim: an orc priest, wielding a +0 hand axe (moderately wounded, poisoned) Poisonous vapours surround the orc priest!
An orc wizard comes into view. It is wielding a +0 dagger.
The orc priest is engulfed in poison gas.
The orc priest looks even sicker.
The orc misses you. The orc priest closely misses you.
You climb upwards.
There is a stone staircase leading down here.
Casting: Poisonous Vapours (safe; 6% risk of failure)
Confirm with . or Enter, or press ? or * to list all spells.
Aiming: Poisonous Vapours (safe; 6% risk of failure)
Press: ? - help, Dir - move target, f - orc
Aim: an orc, wielding a +0 short sword and quivering 3 boomerangs Poisonous vapours surround the orc!
The orc is engulfed in poison gas.
The orc is poisoned.
The orc hits you but does no damage.
The orc priest mumbles some strange prayers to Beogh against you.
Beogh smites you!
* * * LOW HITPOINT WARNING * * *
Casting: Poisonous Vapours (safe; 6% risk of failure)
Confirm with . or Enter, or press ? or * to list all spells.
Aiming: Sting (safe; 3% risk of failure)
Press: ? - help, Shift-Dir - straight line, f - orc priest, p - orc
Aim: an orc priest, wielding a +0 hand axe (severely wounded, very poisoned, 26% to evade)
The sting hits the orc priest but does no damage.
The orc priest looks even sicker.
The orc priest is severely wounded.
The orc hits you but does no damage.
The orc priest hits you with a +0 hand axe.
You die...

##..# #.. ... ..... ##
##.# #.# .... ..##..###..#
#.## #.........####
#..######.##..#....
##................#
######...............#..#
.....................# .#
####.....@..........#
.######....o.o.........#
.............†...........
∆
..#.###<...............###
.###.................#
...................#..
##.........##.....###.
#.........#########
..##.##.....#


You could see an orc priest (very poisoned) and an orc (poisoned).

Vanquished Creatures
  2 adders
  A leopard gecko (D:2)
  A bat (D:3)
  A quokka (D:2)
  A frilled lizard (D:1)
6 creatures vanquished.

Notes
Turn   | Place    | Note
-------+----------+-------------------------------------------
     0 | D:1      | EnegeticOcto the Gnoll Venom Mage began the quest for the
                  | Orb.
     0 | D:1      | Reached XP level 1. HP: 13/13 MP: 6/6
   120 | D:2      | Reached skill level 2 in Transmutations
   140 | D:2      | Reached XP level 2. HP: 16/20 MP: 2/7
   143 | D:2      | Learned a level 2 spell: Poisonous Vapours
   179 | D:3      | Reached XP level 3. HP: 9/25 MP: 2/9
   232 | D:3      | Slain by an orc priest

Illustrated notes

Levels and vault maps discovered:
D:1:      onia_arrival_mini_maze, layout_loops_corners
D:2:      layout_basic, elyvilon_altar_4
D:3:      layout_rooms
D:4:      layout_basic, temple_statues, serial_shops, shop,
          minmay_misc_feat_chi, minmay_circle_x

Skill      XL: |  1 |
---------------+----+-----
Transmutations | 2 |  2.0
Fighting       | |  0.5
Short Blades   | |  0.5
Long Blades    | |  0.5
Axes           | |  0.5
Maces & Flails | |  0.5
Polearms       | |  0.5
Staves         | |  0.5
Slings         | |  0.5
Bows           | |  0.5
Crossbows      | |  0.5
Throwing       | |  0.5
Armour         | |  0.5
Dodging        | |  4.5
Stealth        | |  4.1
Shields        | |  0.5
Unarmed Combat | |  0.5
Spellcasting   | |  4.9
Conjurations   | |  0.4
Hexes          | |  0.4
Summonings     | |  0.4
Necromancy     | |  0.4
Translocations | |  0.4
Fire Magic     | |  0.4
Ice Magic      | |  0.4
Air Magic      | |  0.4
Earth Magic    | |  0.4
Poison Magic   | |  5.4
Invocations    | |  0.7
Evocations     | |  0.5

Action                   || total
-------------------------++-------
 Cast: Sting             ||    16
       Poisonous Vapours ||     3
Armor: Robe              ||     4
Dodge: Dodged            ||     9
